 Dungeon Crawl Stone Soup version 0.22.0-13-g43fe8f24b8 (webtiles) character file.

55905 IceCat the Thaumaturge (level 14, 0/111 HPs)
             Began as a Gnoll Skald on Aug 16, 2018.
             Was the Champion of Cheibriados.
             Slain by an orc warlord
             ... wielding a +6 great mace of holy wrath
              (31 damage)
             ... on level 1 of the Orcish Mines.
             The game lasted 01:47:40 (18118 turns).

IceCat the Thaumaturge (Gnoll Skald)               Turns: 18118, Time: 01:47:40

Health: 0/111      AC: 17    Str: 32    XL:     14   Next: 79%
Magic:  0/28       EV: 21    Int: 35    God:    Cheibriados [******]
Gold:   1513       SH:  0    Dex: 31    Spells: 14/34 levels left

rFire    . . .     SeeInvis .     - Unarmed
rCold    . . .     Gourm    .   (shield currently unavailable)
rNeg     . . .     Faith    .   b - +2 scale mail of Sorcery {rElec rCorr}
rPois    +         Spirit   +   (no helmet)
rElec    +         Reflect  .   O - +1 cloak
rCorr    +         Harm     .   (gloves currently unavailable)
MR       +....                  (no boots)
Stlth    ++++......             m - amulet of guardian spirit
HPRegen  1.28/turn              g - ring of wizardry
MPRegen  0.21/turn              u - +5 ring of protection

@: blade hands, regenerating, drained, very slow
A: distributed training, fangs 1, agile 1, clever 1, poison resistance,
MP-powered wands, strong nose
a: End Transformation, Bend Time, Temporal Distortion, Slouch, Step From Time,
Renounce Religion


You were on level 1 of the Orcish Mines.
You worshipped Cheibriados.
Cheibriados was exalted by your worship.
You were not hungry.
You had blades for hands.
You visited 4 branches of the dungeon, and saw 19 of its levels.

You collected 1513 gold pieces.

Inventory:

Hand Weapons
 C - the +2 halberd "Uneegiuc" {holy, rPois Str-3 SInv}
   (You found it on level 4 of the Lair of Beasts)

   It has been blessed by the Shining One to cause great damage to the undead
   and demons.
   It affects your strength (-3).
   It protects you from poison.
   It lets you see invisible.
 D - the +8 war axe of Causality {freeze, *Slow +Blink +Inv}
   (You found it on level 7 of the Dungeon)

   It has been specially enchanted to freeze those struck by it, causing extra
   injury to most foes and up to half again as much damage against particularly
   susceptible opponents.
   It can also slow down cold-blooded creatures.
   It lets you turn invisible.
   It lets you blink.
   It may slow you when you take damage.
Missiles
 M - 5 steel tomahawks
 R - 6 poisoned tomahawks (quivered)
Armour
 b - the +2 scale mail of Sorcery (worn) {rElec rCorr}
   (You found it on level 3 of the Lair of Beasts)

   It insulates you from electricity.
   It provides partial protection from all sources of acid and corrosion.
 z - a +2 shield (melded)
 I - a +2 robe of magic resistance
 O - a +1 cloak (worn)
 T - a +0 pair of gloves (melded)
Magical Staves
 i - an uncursed staff of wizardry
Jewellery
 g - a ring of wizardry (left scythe-like blade)
 m - an amulet of guardian spirit (around neck)
 u - a +5 ring of protection (right scythe-like blade)
 G - an uncursed ring of protection from cold
 H - an uncursed ring of fire
 W - an uncursed ring of positive energy
 Z - an uncursed ring of protection from cold
Wands
 o - a wand of paralysis (8)
 s - a wand of clouds (12)
 v - a wand of scattershot (7)
 B - a wand of disintegration (9)
 L - a wand of acid (16)
 N - a wand of iceblast (13)
 Q - a wand of digging (11)
Scrolls
 a - a scroll of brand weapon {unknown}
 d - 3 scrolls of identify
 h - 6 scrolls of remove curse
 q - 2 scrolls of teleportation
 r - a scroll of blinking
 t - 2 scrolls of enchant armour
 x - a scroll of vulnerability {unknown}
 y - 3 scrolls of immolation
 A - a scroll of summoning
 P - a scroll of magic mapping {unknown}
 S - 2 scrolls of holy word
 U - a scroll of acquirement {unknown}
 V - a scroll of fear
 X - a scroll of amnesia
Potions
 e - 6 potions of curing
 f - 3 potions of might {unknown}
 j - 2 potions of mutation
 k - 2 potions of magic {unknown}
 l - 2 potions of flight {unknown}
 n - 4 potions of heal wounds
 p - 2 potions of agility
 w - a potion of ambrosia
 E - a potion of brilliance
 Y - 3 potions of lignification
Miscellaneous
 J - a lamp of fire
 K - a phial of floods
Comestibles
 c - 27 rations


   Skills:
 + Level 10.4(10.0) Fighting
 + Level 9.3(9.0) Short Blades
 + Level 9.3(9.0) Long Blades
 + Level 9.3(9.0) Axes
 + Level 9.3(9.0) Maces & Flails
 + Level 9.3(9.0) Polearms
 + Level 9.3(9.0) Staves
 + Level 9.3(9.0) Slings
 + Level 9.3(9.0) Bows
 + Level 9.3(9.0) Crossbows
 + Level 9.3(9.0) Throwing
 + Level 9.7(9.3) Armour
 + Level 10.4(10.0) Dodging
 + Level 9.3(9.0) Stealth
 + Level 9.3(9.0) Shields
 + Level 10.4(10.0) Unarmed Combat
 + Level 10.5(10.2) Spellcasting
 + Level 7.8(7.5) Conjurations
 + Level 7.8(7.5) Hexes
 + Level 9.6(9.2) Charms
 + Level 7.8(7.5) Summonings
 + Level 7.8(7.5) Necromancy
 + Level 7.8(7.5) Translocations
 + Level 7.8(7.5) Transmutations
 + Level 7.8(7.5) Fire Magic
 + Level 7.8(7.5) Ice Magic
 + Level 7.8(7.5) Air Magic
 + Level 7.8(7.5) Earth Magic
 + Level 7.8(7.5) Poison Magic
 + Level 10.1(9.8) Invocations
 + Level 9.3(9.0) Evocations


You had 14 spell levels left.
You knew the following spells:

 Your Spells              Type           Power        Failure   Level  Hunger
a - Infusion              Chrm           ####         2%          1    None
b - Song of Slaying       Chrm           ######..     3%          2    None
c - Shroud of Golubria    Chrm/Tloc      ######....   3%          2    None
d - Regeneration          Chrm/Necr      ######....   4%          3    None
e - Spectral Weapon       Hex/Chrm       ######..     4%          3    None
f - Cause Fear            Hex            ######....   9%          4    None
g - Blade Hands           Tmut           ######....   14%         5    ##.....

Your spell library contained the following spells:

 Spells                   Type           Power        Failure   Level  Hunger
 Apportation              Tloc           ######       3%          1    None
 Summon Small Mammal      Summ           ####         3%          1    None
 Bolt of Draining         Conj/Necr      ######....   14%         5    ##.....
 Animate Skeleton         Necr           N/A          3%          1    None
 Dispel Undead            Necr           ######..     14%         5    ##.....
 Sublimation of Blood     Necr           ######....   4%          2    None
 Corpse Rot               Necr           N/A          4%          2    None
 Agony                    Necr           ######..     14%         5    ##.....
 Spider Form              Tmut/Pois      ######....   5%          3    None
 Ice Form                 Ice/Tmut       ######..     9%          4    None
 Deflect Missiles         Chrm/Air       ######....   32%         6    ####...
 Confusing Touch          Hex            ######       3%          1    None
 Sticks to Snakes         Tmut           ######..     4%          2    None
 Silence                  Hex/Air        ######....   14%         5    ##.....
 Conjure Ball Lightning   Conj/Air       ######....   38%         6    ####...
 Excruciating Wounds      Chrm/Necr      ######....   12%         5    ##.....
 Tornado                  Air            ######....   100%        9    #######
 Beastly Appendage        Tmut           ######       3%          1    None
 Discord                  Hex            ######....   100%        8    #######
 Summon Lightning Spire   Summ/Air       ######..     9%          4    None
 Yara's Violent Unravell  Hex/Tmut       ######....   14%         5    ##.....


Dungeon Overview and Level Annotations

Branches:
Dungeon (11/15)            Temple (1/1) D:7            Lair (6/6) D:10
 Shoals (0/4) Lair:4        Snake (0/4) Lair:3        Slime (0/5) Lair:5
    Orc (1/2) D:10

Altars:
Ashenzari
Cheibriados
Dithmenos
Elyvilon
Fedhas
Gozag
Hepliaklqana
Kikubaaqudgha
Makhleb
Nemelex Xobeh
Okawaru
Qazlal
Ru
Sif Muna
Trog
Uskayaw
Vehumet
Xom
Yredelemnul
Zin
The Shining One
Beogh
Jiyva

Shops:
D:6 :   D:9 *

Annotations:
D:11 3 runed doors, Tenshin's ghost, journeyman DDFi
Lair:6 Kirke


Innate Abilities, Weirdness & Mutations

Your experience applies equally to all skills.
You have very sharp teeth.
Your uncanny sense of smell can sniff out nearby items.
You are agile. (Dex +2)
Your mind is acute. (Int +2)
Your system is resistant to poisons. (rPois)
You expend magic power (3 MP) to strengthen your wands.


Message History

As you read the scroll of fear, it crumbles to dust.
You assume a fearsome visage.
The orc warlord resists with almost no effort.
The orc looks frightened!
The orc sorcerer looks frightened!
The orc looks frightened!
The orc warrior looks frightened!
The orc priest looks frightened!
The orc looks frightened!
The orc sorcerer no longer looks unusually strong.
The orc no longer looks unusually strong.
The orc warrior no longer looks unusually strong.
The orc warlord roars a battlecry!
The orc sorcerer goes into a battle-frenzy!
The orc warlord hits you with a great mace of holy wrath!!
* * * LOW HITPOINT WARNING * * *
Items here: ( )) [ †† You slash the orc warlord!
You bite the orc warlord, but do no damage.
The orc warlord is lightly wounded.
The orc priest no longer looks unusually strong.
The orc warlord hits you with a great mace of holy wrath!!
You die...

. ## .. # .#.#.# ######
#.##.. # ...o.##.##.##
...#.. #
...........##..#.#..##
..##.....#..##......$...
......#))...##.........#
.o...3o@[))#....# ......
.._...##†......###.....#
..... #......))........
..o. ##..#...).....#..
##. #.o.#.##.....#.. #.
##.######...##.. . ###
#........ ##...#... ####
###........


You could see an orc warlord, a sixfirhy, an orc sorcerer (fleeing), an orc
warrior (fleeing), an orc priest (fleeing) and an orc (fleeing).

Vanquished Creatures
  Snorg (D:10)
  Josephine (Lair:4)
  8 hydras
  Fannar (D:10)
  Erica (D:9)
  5 two-headed ogres
  A death yak (Lair:2)
  Urug (Lair:6)
  4 skeletal warriors (D:10)
  Nergalle (Lair:3)
  2 unseen horrors
  3 orc knights
  5 orc sorcerers
  An ugly thing (D:7)
  A cyclops (D:9)
  A manticore (D:11)
  3 elephants (Lair:6)
  Maurice (D:9)
  5 black mambas
  2 torpor snails
  A merfolk siren (Lair:4)
  23 spiny frogs
  2 rime drakes
  6 komodo dragons
  4 trolls
  A merfolk (Lair:4)
  A polar bear (Lair:3)
  9 blink frogs
  5 hippogriffs
  7 dream sheep
  Sigmund (D:4)
  A shadow (D:10)
  Eustachio (D:4)
  3 wraiths (Lair:4)
  2 wyverns
  21 yaks
  2 basilisks
  4 wargs
  6 water moccasins
  6 nagas (Lair:3)
  11 porcupines
  4 black bears
  17 orc warriors
  2 phantoms
  A sky beast (D:6)
  An ice beast (D:7)
  A hornet zombie (D:9)
  An eye of draining (D:11)
  A necrophage (D:11)
  8 ogres
  13 centaurs
  27 wolves
  4 crocodiles
  A big kobold (D:7)
  15 bullfrogs
  A gnoll sergeant (D:9)
  3 scorpions
  5 wights (D:11)
  4 killer bees (D:9)
  2 howler monkeys
  2 electric eels (Lair:4)
  A centaur zombie (D:9)
  4 crimson imps
  A bullfrog zombie (D:6)
  10 orc priests
  A bullfrog skeleton (D:7)
  5 hounds
  A jelly (D:5)
  10 orc wizards
  2 centaur skeletons
  3 iguanas
  Ijyb (D:4)
  8 worker ants
  2 worker ant zombies
  11 adders
  6 gnolls
  2 shadow imps
  An ooze (D:1)
  An adder skeleton (D:4)
  An adder zombie (D:9)
  3 worms
  3 dart slugs
  10 leopard geckos
  57 orcs
  8 giant cockroaches
  7 goblins
  3 hobgoblins
  19 jackals
  4 quokkas
  2 ball pythons (D:1)
  9 bats
  4 frilled lizards
  8 kobolds
  7 rats
  6 fungi
  4 plants
503 creatures vanquished.

Vanquished Creatures (collateral kills)
  A black bear (D:10)
1 creature vanquished.

Vanquished Creatures (others)
  An orc wizard (Orc:1)
  A goblin (D:3)
  10 fungi
  2 plants (Lair:3)
  2 spectral weapons
16 creatures vanquished.

Grand Total: 520 creatures vanquished

Notes
Turn   | Place    | Note
-------+----------+-------------------------------------------
     0 | D:1      | IceCat the Gnoll Skald began the quest for the Orb.
     0 | D:1      | Reached XP level 1. HP: 20/20 MP: 6/6
    98 | D:1      | Reached XP level 2. HP: 26/26 MP: 4/7
   306 | D:1      | Reached XP level 3. HP: 31/31 MP: 3/9
   322 | D:1      | Reached skill level 5 in Spellcasting
   751 | D:2      | Reached skill level 1 in Invocations
   952 | D:2      | Learned a level 2 spell: Song of Slaying
   955 | D:2      | Learned a level 2 spell: Shroud of Golubria
   958 | D:2      | Found a bloodstained altar of Trog.
  1009 | D:2      | Noticed an enchanted hand axe
  1009 | D:2      | Noticed a hand axe
  1010 | D:2      | Noticed a scorpion
  1013 | D:2      | Found a hide-covered altar of Uskayaw.
  1027 | D:2      | Killed a scorpion
  1027 | D:2      | Reached skill level 1 in Short Blades
  1027 | D:2      | Reached skill level 1 in Long Blades
  1027 | D:2      | Reached skill level 1 in Axes
  1027 | D:2      | Reached skill level 1 in Maces & Flails
  1027 | D:2      | Reached skill level 1 in Polearms
  1027 | D:2      | Reached skill level 1 in Staves
  1027 | D:2      | Reached skill level 1 in Slings
  1027 | D:2      | Reached skill level 1 in Bows
  1027 | D:2      | Reached skill level 1 in Crossbows
  1027 | D:2      | Reached skill level 1 in Throwing
  1027 | D:2      | Reached skill level 1 in Stealth
  1027 | D:2      | Reached skill level 1 in Shields
  1027 | D:2      | Reached skill level 1 in Conjurations
  1027 | D:2      | Reached skill level 1 in Hexes
  1027 | D:2      | Reached skill level 1 in Summonings
  1027 | D:2      | Reached skill level 1 in Necromancy
  1027 | D:2      | Reached skill level 1 in Translocations
  1027 | D:2      | Reached skill level 1 in Transmutations
  1027 | D:2      | Reached skill level 1 in Fire Magic
  1027 | D:2      | Reached skill level 1 in Ice Magic
  1027 | D:2      | Reached skill level 1 in Air Magic
  1027 | D:2      | Reached skill level 1 in Earth Magic
  1027 | D:2      | Reached skill level 1 in Poison Magic
  1027 | D:2      | Reached skill level 1 in Evocations
  1027 | D:2      | Reached XP level 4. HP: 22/38 MP: 2/11
  1239 | D:2      | Learned a level 3 spell: Regeneration
  1495 | D:3      | Found a white marble altar of Elyvilon.
  1535 | D:3      | Reached XP level 5. HP: 38/43 MP: 5/12
  2278 | D:4      | Noticed Sigmund
  2574 | D:4      | Reached XP level 6. HP: 47/50 MP: 13/13
  2662 | D:4      | Reached skill level 5 in Fighting
  2662 | D:4      | Reached skill level 5 in Dodging
  2662 | D:4      | Reached skill level 5 in Unarmed Combat
  2831 | D:4      | Found an ancient bone altar of Kikubaaqudgha.
  2831 | D:4      | Found a white marble altar of Elyvilon.
  2867 | D:4      | Noticed Eustachio
  2933 | D:4      | Killed Eustachio
  2933 | D:4      | Reached XP level 7. HP: 37/56 MP: 0/15
  3309 | D:4      | Found a sparkling altar of Nemelex Xobeh.
  3482 | D:4      | Noticed Ijyb
  3501 | D:4      | Killed Ijyb
  3563 | D:4      | Killed Sigmund
  3578 | D:5      | Entered Level 5 of the Dungeon
  3658 | D:5      | Reached XP level 8. HP: 53/63 MP: 4/16
  4148 | D:6      | Found a deep blue altar of Sif Muna.
  4424 | D:6      | Found Ogatypsy's Book Boutique.
  4786 | D:7      | Noticed a purple ugly thing
  4841 | D:7      | Found a deep blue altar of Sif Muna.
  4867 | D:7      | Reached XP level 9. HP: 69/69 MP: 5/18
  5046 | D:7      | HP: 3/69 [orc warrior/halberd (12)]
  5629 | D:7      | Got a fine war axe
  5630 | D:7      | Identified the +8 war axe of Causality {freeze, *Slow +Blink +Inv} (You found it on level 7 of the Dungeon)
  5998 | D:7      | Found a staircase to the Ecumenical Temple.
  6006 | Temple   | Entered the Ecumenical Temple
  6043 | Temple   | Became a worshipper of Cheibriados the Contemplative
  6183 | D:7      | Killed a purple ugly thing
  6183 | D:7      | Reached skill level 5 in Armour
  6578 | D:8      | Found a stormy altar of Qazlal.
  6651 | D:8      | Found a hazy altar of Hepliaklqana.
  6672 | D:8      | Got an iridescent falchion
  6673 | D:8      | Identified the +5 falchion of Watchfulness {slice, Int+2 Stlth+} (You found it on level 8 of the Dungeon)
  6702 | D:8      | Found a radiant altar of Vehumet.
  6826 | D:8      | Reached * piety under Cheibriados
  6826 | D:8      | Reached skill level 5 in Invocations
  6975 | D:8      | Found a shadowy altar of Dithmenos.
  7244 | D:9      | Reached XP level 10. HP: 61/77 MP: 11/20
  7415 | D:9      | Noticed Maurice
  7442 | D:9      | Killed Maurice
  7442 | D:9      | Reached skill level 5 in Short Blades
  7442 | D:9      | Reached skill level 5 in Long Blades
  7442 | D:9      | Reached skill level 5 in Axes
  7442 | D:9      | Reached skill level 5 in Maces & Flails
  7442 | D:9      | Reached skill level 5 in Polearms
  7442 | D:9      | Reached skill level 5 in Staves
  7442 | D:9      | Reached skill level 5 in Slings
  7442 | D:9      | Reached skill level 5 in Bows
  7442 | D:9      | Reached skill level 5 in Crossbows
  7442 | D:9      | Reached skill level 5 in Throwing
  7442 | D:9      | Reached skill level 5 in Stealth
  7442 | D:9      | Reached skill level 5 in Shields
  7442 | D:9      | Reached skill level 5 in Evocations
  7509 | D:9      | Killed an unseen horror
  7719 | D:9      | Reached ** piety under Cheibriados
  7742 | D:9      | Noticed a cyclops
  7759 | D:9      | Killed a cyclops
  7883 | D:9      | Found Zofufreagh's Assorted Antiques.
  8054 | D:9      | Noticed Erica
  8071 | D:9      | Killed Erica
  8319 | D:10     | Entered Level 10 of the Dungeon
  8342 | D:10     | Noticed Snorg
  8349 | D:10     | Learned a level 3 spell: Spectral Weapon
  8357 | D:10     | Killed Snorg
  8357 | D:10     | Reached XP level 11. HP: 82/84 MP: 15/22
  8366 | D:10     | Found a staircase to the Orcish Mines.
  8411 | D:10     | Noticed a two-headed ogre
  8418 | D:10     | Killed a two-headed ogre
  8420 | D:10     | Noticed a two-headed ogre
  8428 | D:10     | Killed a two-headed ogre
  8428 | D:10     | Reached skill level 5 in Conjurations
  8428 | D:10     | Reached skill level 5 in Hexes
  8428 | D:10     | Reached skill level 5 in Summonings
  8428 | D:10     | Reached skill level 5 in Necromancy
  8428 | D:10     | Reached skill level 5 in Translocations
  8428 | D:10     | Reached skill level 5 in Transmutations
  8428 | D:10     | Reached skill level 5 in Fire Magic
  8428 | D:10     | Reached skill level 5 in Ice Magic
  8428 | D:10     | Reached skill level 5 in Air Magic
  8428 | D:10     | Reached skill level 5 in Earth Magic
  8428 | D:10     | Reached skill level 5 in Poison Magic
  8472 | D:10     | Found a staircase to the Lair.
  8527 | D:10     | Noticed a two-headed ogre
  8535 | D:10     | Killed a two-headed ogre
  8592 | D:10     | Noticed a skeletal warrior
  8607 | D:10     | Killed a skeletal warrior
  8612 | D:10     | Noticed a skeletal warrior
  8756 | D:10     | Noticed a two-headed ogre
  8764 | D:10     | Killed a skeletal warrior
  8770 | D:10     | Killed a two-headed ogre
  8771 | D:10     | Noticed a skeletal warrior
  8799 | D:10     | Killed a skeletal warrior
  9069 | D:10     | Noticed a skeletal warrior
  9171 | D:10     | Killed a skeletal warrior
  9271 | D:10     | Noticed Fannar
  9295 | D:10     | Killed Fannar
  9295 | D:10     | Reached *** piety under Cheibriados
  9359 | D:10     | Found an opulent altar of Gozag.
  9605 | D:11     | Reached XP level 12. HP: 92/93 MP: 19/24
  9655 | D:11     | Noticed a two-headed ogre
  9664 | D:11     | Killed a two-headed ogre
  9891 | D:11     | Reached **** piety under Cheibriados
 10167 | D:11     | Found a runed gate.
 10167 | D:11     | Noticed Tenshin's ghost (journeyman DDFi)
 10168 | D:11     | Found a runed gate.
 10169 | D:11     | Found a runed gate.
 10517 | D:11     | Found a roughly hewn altar of Beogh.
 10585 | Lair:1   | Entered Level 1 of the Lair of Beasts
 11188 | Lair:1   | Reached ***** piety under Cheibriados
 11834 | Lair:1   | Reached XP level 13. HP: 100/101 MP: 24/26
 12394 | Lair:2   | Learned a level 4 spell: Cause Fear
 13296 | Lair:3   | Reached ****** piety under Cheibriados
 13687 | Lair:3   | Noticed Nergalle
 13706 | Lair:3   | Killed Nergalle
 13789 | Lair:3   | Found a staircase to the Snake Pit.
 13950 | Lair:3   | Got a bronze scale mail
 13961 | Lair:3   | Identified the +2 scale mail of Sorcery {rElec rCorr} (You found it on level 3 of the Lair of Beasts)
 14226 | Lair:4   | Noticed Josephine
 14261 | Lair:4   | Killed Josephine
 14409 | Lair:4   | Reached skill level 10 in Spellcasting
 14459 | Lair:4   | Reached XP level 14. HP: 75/109 MP: 14/28
 14711 | Lair:4   | Found a staircase to the Shoals.
 14858 | Lair:4   | Got an ancient halberd
 14864 | Lair:4   | Identified the +2 halberd "Uneegiuc" {holy, rPois Str-3 SInv} (You found it on level 4 of the Lair of Beasts)
 15199 | Lair:5   | Found a viscous altar of Jiyva.
 15199 | Lair:5   | Found a staircase to the Slime Pits.
 15874 | Lair:6   | Entered Level 6 of the Lair of Beasts
 15874 | Lair:6   | Noticed Urug
 15892 | Lair:6   | Killed Urug
 15892 | Lair:6   | Reached skill level 10 in Fighting
 15892 | Lair:6   | Reached skill level 10 in Dodging
 15892 | Lair:6   | Reached skill level 10 in Unarmed Combat
 16304 | Lair:6   | Noticed Kirke
 16748 | Lair:6   | Reached skill level 10 in Invocations
 16960 | Orc:1    | Entered Level 1 of the Orcish Mines
 16974 | D:10     | Gained mutation: You expend magic power (3 MP) to strengthen your wands. [potion of mutation]
 16974 | D:10     | Gained mutation: Your system is resistant to poisons. (rPois) [potion of mutation]
 16974 | D:10     | Gained mutation: Your mind is acute. (Int +2) [potion of mutation]
 16974 | D:10     | Gained mutation: You are agile. (Dex +2) [potion of mutation]
 17041 | Orc:1    | Paralysed by an orc sorcerer for 5 turns
 17234 | Orc:1    | Paralysed by an orc sorcerer for 7 turns
 17324 | D:10     | Paralysed by an orc sorcerer for 2 turns
 17884 | Orc:1    | Learned a level 5 spell: Blade Hands
 18096 | Orc:1    | Found a roughly hewn altar of Beogh.
 18104 | Orc:1    | Noticed an orc warlord
 18118 | Orc:1    | Slain by an orc warlord

Skill      XL: |  1  2  3  4  5  6  7  8  9 10 11 12 13 14 |
---------------+-------------------------------------------+-----
Spellcasting   | 5 6 7 8 9 10 | 10.5
Invocations    | 1 2 3 4 5 6 7 8 9 10 | 10.1
Short Blades   | 1 2 3 4 5 6 7 8 9 |  9.3
Long Blades    | 1 2 3 4 5 6 7 8 9 |  9.3
Axes           | 1 2 3 4 5 6 7 8 9 |  9.3
Maces & Flails | 1 2 3 4 5 6 7 8 9 |  9.3
Polearms       | 1 2 3 4 5 6 7 8 9 |  9.3
Staves         | 1 2 3 4 5 6 7 8 9 |  9.3
Slings         | 1 2 3 4 5 6 7 8 9 |  9.3
Bows           | 1 2 3 4 5 6 7 8 9 |  9.3
Crossbows      | 1 2 3 4 5 6 7 8 9 |  9.3
Throwing       | 1 2 3 4 5 6 7 8 9 |  9.3
Stealth        | 1 2 3 4 5 6 7 8 9 |  9.3
Shields        | 1 2 3 4 5 6 7 8 9 |  9.3
Conjurations   | 1 2 3 4 5 6 7 |  7.8
Hexes          | 1 2 3 4 5 6 7 |  7.8
Summonings     | 1 2 3 4 5 6 7 |  7.8
Necromancy     | 1 2 3 4 5 6 7 |  7.8
Translocations | 1 2 3 4 5 6 7 |  7.8
Transmutations | 1 2 3 4 5 6 7 |  7.8
Fire Magic     | 1 2 3 4 5 6 7 |  7.8
Ice Magic      | 1 2 3 4 5 6 7 |  7.8
Air Magic      | 1 2 3 4 5 6 7 |  7.8
Earth Magic    | 1 2 3 4 5 6 7 |  7.8
Poison Magic   | 1 2 3 4 5 6 7 |  7.8
Evocations     | 1 2 3 4 5 6 7 8 9 |  9.3
Armour         | 3 4 5 6 7 8 9 |  9.7
Fighting       | 5 6 7 8 9 10 | 10.4
Dodging        | 5 6 7 8 9 10 | 10.4
Unarmed Combat | 5 6 7 8 9 10 | 10.4
Charms         | 6 7 8 9 |  9.6

Action                   |  1- 3 |  4- 6 |  7- 9 | 10-12 | 13-15 || total
-------------------------+-------+-------+-------+-------+-------++-------
Melee: Unarmed           |   117 |   216 |   340 |   160 |   842 ||  1675
       Bite              |    13 |    26 |    37 |    89 |   211 ||   376
       Punch             |     1 |     2 |    13 |    40 |     5 ||    61
       War axe           |       |       |    71 |   301 |       ||   372
Throw: Tomahawk          |       |       |       |    23 |    57 ||    80
 Cast: Infusion          |     6 |     9 |    13 |    11 |    28 ||    67
       Shroud of Golubri |     1 |     9 |    31 |    35 |    67 ||   143
       Regeneration      |       |       |     5 |    11 |    22 ||    38
       Song of Slaying   |       |       |     4 |     6 |     1 ||    11
       Spectral Weapon   |       |       |       |     8 |       ||     8
       Blade Hands       |       |       |       |       |     3 ||     3
Invok: Slouch            |       |       |       |       |     3 ||     3
       Temporal Distorti |       |       |       |       |     1 ||     1
Evoke: Wand              |       |       |     3 |     8 |       ||    11
       Phial of floods   |       |       |       |     1 |       ||     1
  Use: Scroll            |       |       |     4 |    13 |    10 ||    27
       Potion            |       |       |       |     2 |     2 ||     4
 Stab: Sleeping          |       |       |     1 |     7 |     3 ||    11
  Eat: Chunk             |       |     7 |    14 |     8 |    14 ||    43
Armor: Leather armour    |     5 |       |       |       |       ||     5
       Ring mail         |    15 |    91 |    64 |       |       ||   170
       Robe              |       |       |    20 |       |       ||    20
       Scale mail        |       |       |    35 |   197 |   253 ||   485
Dodge: Dodged            |    76 |   203 |   233 |   428 |   627 ||  1567
Block: Shield            |       |       |       |       |   743 ||   743
